[Event "FRA-ch Youth 2017"]
[Site "Belfort"]
[Date "2017.04.20"]
[Round "6"]
[White "Zachary, Matheo"]
[Black "Degraeve, Remy"]
[Result "1/2-1/2"]
[ECO "B07"]
[WhiteElo "2267"]
[BlackElo "2126"]
[Annotator "NA"]
[PlyCount "132"]
[EventDate "2017.??.??"]
[EventCountry "FRA"]
[SourceTitle "playchess.com"]
[Source "ChessBase"]
[SourceQuality "1"]
[TimeControl "5400+30"]

1. e4 d6 2. d4 Nf6 3. Nc3 g6 4. Bg5 Bg7 5. e5 Nfd7 6. exd6 cxd6 7. Nf3 {[%emt 0:00:33] LiveBook: 7 Games} h6 {[%emt 0:01:41] B07: Pirc Defence: Miscellaneous Systems} (7... Nc6 8. Qd2 Qa5 9. Be2 Nb6 10. Bh6 O-O 11. Bxg7 Kxg7 12. d5 Ne5 13. Qd4 Nbd7 14. O-O-O Kg8 15. Ng5 {1-0 (33) Borgo,G (2414)-David,A (2587) Milan 2010}) 8. Be3 Nc6 9. h4 $146 (9. Qd2 Nf6 10. d5 Ne5 11. Nxe5 dxe5 12. h3 Bd7 13. O-O-O Qa5 14. Kb1 O-O 15. Bxh6 Bxh6 16. Qxh6 {0-1 (46) Honfi,K-Szabo,L Budapest 1962}) 9... a6 10. a4 Nf6 11. d5 Ne5 12. Nxe5 dxe5 13. Be2 b6 14. O-O Bb7 15. Bf3 O-O 16. Qd2 Kh7 17. Rfd1 Ne8 18. Ra3 Nd6 19. Be2 Nf5 20. Bf1 Rc8 21. Ne2 (21. h5 $11) 21... Nxe3 22. Rxe3 Rc5 23. Nc3 f5 24. d6 e6 25. d7 e4 26. Qd6 Rc6 27. Qd2 Be5 28. g3 Rd6 29. Qc1 Qxd7 30. Ree1 Bxc3 31. bxc3 Rd8 32. Rxd6 Qxd6 33. Qe3 Qc6 34. Rb1 Rd6 35. a5 (35. c4 $17) 35... b5 $2 ({Better is} 35... bxa5 $19 {And now ...Bc8 would win.} 36. Qa7 Rd7) 36. c4 bxc4 37. Rb6 Qc7 38. Bxc4 Rxb6 39. Qxb6 Qxb6 40. axb6 Kg7 41. Bxe6 Kf6 42. Bb3 Ke5 43. Kf1 Kd4 44. Ke2 a5 45. Kd2 Kc5 46. Bf7 g5 47. hxg5 hxg5 48. Be6 f4 ({Stronger than} 48... Kxb6 49. Bxf5 Kc5 50. Kc3 $11) 49. gxf4 gxf4 50. Kc3 Kxb6 51. Kc4 a4 52. Kb4 Bc6 53. Bc4 $19 (53. c4) 53... Kc7 54. Kc5 Be8 55. c3 Kd7 56. Kd4 Ke7 57. Kxe4 Bf7 58. Bxf7 Kxf7 59. Kd3 Ke6 60. Kc4 f3 61. Kb4 Kd5 62. c4+ Kd4 63. c5 Kd5 64. Kxa4 Kxc5 65. Kb3 Kd4 66. Kc2 Ke5 1/2-1/2

[Event "FRA-ch Youth 2017"]
[Site "Belfort"]
[Date "2017.04.20"]
[Round "6"]
[White "Micottis, Dorian"]
[Black "Kambrath, Yannick"]
[Result "0-1"]
[ECO "B51"]
[WhiteElo "2249"]
[BlackElo "2341"]
[Annotator "NA"]
[PlyCount "132"]
[EventDate "2017.??.??"]
[EventCountry "FRA"]
[SourceTitle "playchess.com"]
[Source "ChessBase"]
[SourceQuality "1"]
[TimeControl "5400+30"]

1. e4 c5 2. Nf3 d6 3. Bb5+ Nd7 4. d4 cxd4 5. Qxd4 a6 6. Be2 {[%emt 0:00:38] B51: Sicilian: Moscow Variation (3 Bb5+) without 3...Bd7} Ngf6 7. O-O g6 {[%emt 0:06:37] LiveBook: 5 Games} 8. Nc3 Bg7 9. Rd1 O-O 10. e5 Nh5 11. Qh4 dxe5 12. Bg5 f6 13. Be3 e6 14. Rd6 $146 Qc7 15. Rad1 Re8 (15... Nf4 $16) 16. Qa4 Re7 {[%emt 0:00:04] [#]} 17. Bb5 $1 Nc5 {[%emt 0:13:28] [#]} 18. Qa3 (18. Qc4 $1 $18 {is the precise move to win.} b6 19. b4) 18... b6 19. Bxc5 ({White should try} 19. Rc6 $16 Qb7 20. Bxc5 bxc5 21. Rd8+ (21. Qxc5 axb5 22. Rd8+ Bf8 23. Rdxc8 Rxc8 24. Rxc8 b4 $11) 21... Bf8 22. Rxa6 Rxa6 23. Bxa6 Qxa6 24. Qxc5) 19... bxc5 20. Rc6 Qa7 21. Rd8+ Bf8 22. Bxa6 Bxa6 23. Rxa8 Qxa8 24. Qxa6 Qxa6 25. Rxa6 Kf7 26. g3 Rd7 27. Rc6 Ng7 28. Ne4 Rd5 29. a4 Nf5 30. c3 Rd1+ 31. Kg2 Rb1 32. a5 Rxb2 33. a6 Ne3+ 34. Kh3 Nc4 35. a7 Ra2 36. Rc7+ Be7 37. Nxc5 $2 (37. Rb7 $18) 37... Nd6 $1 38. Nb7 (38. c4 $11 Ne8 39. Rd7) 38... Nb5 39. Nd8+ Ke8 40. Nxe6 Nxa7 41. Rb7 Nc8 ({But not} 41... Rxf2 $6 42. Rxa7 Rxf3 43. Nc7+ Kd8 44. Ne6+ (44. Nd5 Bc5 45. Rc7 Rxc3 $15) 44... Ke8 45. Nc7+ Kf8 46. Nd5 $11) 42. Nc7+ Kd7 43. Nd5+ Kc6 44. Rxe7 Kxd5 45. Rxh7 Rxf2 46. Nh4 g5 47. Ng6 f5 48. Rc7 Nd6 49. Ne7+ Ke6 50. g4 f4 51. Ng8 Ne4 52. Rc6+ Kd7 53. Rc4 Nd2 54. Nf6+ Ke6 55. Ne4 Nxe4 56. Rxe4 Kd5 57. Re1 e4 58. c4+ Ke5 59. Rc1 e3 60. c5 e2 61. c6 Rf1 62. Rc5+ Kd6 63. c7 e1=Q ({Inferior is} 63... Kxc5 64. c8=Q+ Kd4 65. Qd7+ Kc3 66. Qc6+ Kd4 67. Qd7+ Kc3 68. Qc6+ Kd4 69. Qd7+ $11) 64. Rc6+ Kd5 65. Rc5+ Kd4 66. Rc4+ Kd3 0-1

[Event "FRA-ch Youth 2017"]
[Site "Belfort"]
[Date "2017.04.20"]
[Round "6"]
[White "Meunier, Clement"]
[Black "Flick, Antoine"]
[Result "1/2-1/2"]
[ECO "B25"]
[WhiteElo "2240"]
[BlackElo "2327"]
[Annotator "NA"]
[PlyCount "118"]
[EventDate "2017.??.??"]
[EventCountry "FRA"]
[SourceTitle "playchess.com"]
[Source "ChessBase"]
[SourceQuality "1"]
[TimeControl "5400+30"]

1. e4 c5 2. Nc3 Nc6 3. g3 g6 4. Bg2 Bg7 5. d3 d6 6. f4 e6 7. Nf3 {[%emt 0:00:07] LiveBook: 1380 Games} Nge7 8. O-O O-O 9. Be3 b6 10. Bf2 Ba6 11. Qd2 {[%emt 0:02:24] B25: Closed Sicilian: 3 g3, lines without early Be3} (11. g4 Qd7 12. f5 exf5 13. gxf5 gxf5 14. Bh3 Qe6 15. Nh4 Qh6 16. exf5 Bd4 17. Qg4+ Kh8 18. Bg2 Rg8 {½-½ (18) Starostits,I (2500)-David,A (2609) Riga 2011}) 11... Rc8 12. Rae1 Qd7 13. e5 $146 (13. g4 f5 14. gxf5 exf5 15. e5 dxe5 16. fxe5 Nd8 17. e6 Qe8 18. Bh4 Bb7 {1-0 (36) Larino Nieto,D (2442)-Pataki,G (2357) Las Palmas 2012}) 13... Qc7 14. g4 (14. exd6 $11 {remains equal.} Qxd6 15. g4) 14... dxe5 15. fxe5 Nxe5 16. Bg3 Nxf3+ 17. Rxf3 Qd7 18. Ne4 f6 ({Weaker is} 18... Bxb2 19. c3 f5 20. gxf5 gxf5 21. Ng5 $16) (18... f5 $19 19. Ng5 Bb7) 19. g5 f5 20. Nf6+ Bxf6 21. gxf6 Nd5 22. Be5 Nxf6 23. Qg5 Qd8 24. Rg3 Ng4 25. Rxg4 fxg4 26. Qxg4 Qd7 27. Bc3 Rce8 28. h4 Rf5 29. Be4 Re7 30. Bxf5 exf5 31. Qg3 Rxe1+ 32. Qxe1 f4 33. Kf2 Bb5 (33... Kf7 $11) 34. Qe5 h5 35. Qh8+ Kf7 36. Qf6+ Ke8 37. Qxg6+ Qf7 38. Qd6 Bd7 39. Be5 Qe6 40. Qb8+ Ke7 41. Bxf4 Qf5 42. Ke1 Qe6+ 43. Kd2 Qf5 (43... c4 $16 {might work better.} 44. Bg5+ (44. Qxa7 cxd3 45. Qa3+ Ke8 $18) 44... Kf7) 44. Be3 Qg4 {[%emt 0:00:39] [#]} 45. Bg5+ $1 ({Less strong is} 45. Qxa7 Qxh4 46. Qb8 (46. Qxb6 Qh2+ 47. Kd1 Bg4+ 48. Kc1 Qh1+ 49. Kd2 Qh2+ 50. Kc3 Qe5+ 51. Kd2 Qh2+ 52. Kc3 Qe5+ 53. Kd2 Qh2+ $11) 46... Qb4+ 47. Ke2 Qg4+ 48. Ke1 h4 $14) 45... Kf7 {[%emt 0:00:30] [#]} 46. Qh8 $2 ({Not} 46. Qxa7 Qb4+ 47. Ke2 Qg4+ 48. Kd2 Qb4+ 49. Ke2 Qg4+ 50. Kf2 Qd4+ 51. Kf1 Qg4 $14) ({White has to play} 46. b3 $1 $18) 46... Qb4+ 47. Qc3 Qxc3+ 48. Kxc3 Ke6 49. Bf4 Kd5 $14 50. b4 Ba4 51. a3 Be8 52. Bc7 Kc6 53. Bd8 Kd7 54. Bg5 Kc6 55. Be3 Bf7 56. a4 a6 57. a5 cxb4+ 58. Kxb4 b5 59. c3 Kd5 1/2-1/2

[Event "FRA-ch Youth 2017"]
[Site "Belfort"]
[Date "2017.04.20"]
[Round "6"]
[White "Harutyunyan, Ruben"]
[Black "Cohen Revivo, Shoham"]
[Result "1/2-1/2"]
[ECO "A06"]
[WhiteElo "2218"]
[BlackElo "2221"]
[Annotator "NA"]
[PlyCount "159"]
[EventDate "2017.??.??"]
[EventCountry "FRA"]
[SourceTitle "playchess.com"]
[Source "ChessBase"]
[SourceQuality "1"]
[TimeControl "5400+30"]

1. Nf3 d5 2. d4 Bf5 3. e3 Nf6 4. c4 e6 5. Nc3 Nc6 6. a3 Be7 {[%emt 0:00:13] D06: Queen's Gambit: Symmetrical and Baltic Defences} 7. Be2 (7. Bd3 Bxd3 8. Qxd3 O-O 9. O-O Na5 10. cxd5 exd5 11. Nd2 b6 12. b4 Nb7 13. Bb2 c5 14. Qa6 {½-½ (23) Godart,F (2376)-Gozzoli,Y (2579) Menton 2016}) 7... h6 8. O-O O-O 9. b3 $146 (9. b4 Nb8 10. Bd3 dxc4 11. Bxc4 a5 12. b5 Nd5 13. Ne2 c6 14. Ng3 {½-½ (90) Oppermann,P (2259)-Rihtaric,I (2195) ICCF email 2011}) 9... Nb8 10. Bb2 Nbd7 11. Re1 c6 12. Bd3 Ne4 13. Qc2 Ndf6 14. Nd2 Bd6 15. g3 Nxd2 16. Qxd2 Ne4 17. Nxe4 dxe4 18. Bf1 Qg5 19. Bg2 h5 20. Qc2 Qg6 21. h4 a5 22. Bc3 Qh7 23. Kf1 f6 24. Ke2 Qg6 25. Kd2 b5 26. c5 Bc7 27. Kc1 Rfd8 28. Kb2 Rd5 29. Bh1 e5 30. Red1 exd4 (30... Rad8 $17) 31. Rxd4 Rxc5 32. Bxe4 Re8 ({Black should try} 32... Bxe4 $17 33. Qxe4 Qxe4 34. Rxe4 Kf7) 33. Bxf5 Qxf5 34. Qxf5 Rxf5 35. Rd2 c5 36. Kc2 Be5 37. Rad1 b4 38. Bxe5 Rexe5 39. a4 Rf3 40. Re2 Ref5 41. Rdd2 g5 42. Kd3 gxh4 43. gxh4 Rh3 44. Rc2 Rxh4 45. f4 Rg4 46. Rg2 Rxg2 47. Rxg2+ Kf7 48. Ke4 Ke6 49. Rg8 $1 Rd5 50. Re8+ Kd7 51. Rh8 (51. Kxd5 $2 {loses.} Kxe8 52. Kxc5 h4 $19) 51... Rd2 52. Rxh5 Kc6 53. Rh6 Rd6 54. Kf3 {[%emt 0:00:51] [#]} c4 $1 55. bxc4 Kc5 56. Rh5+ Kxc4 57. Rxa5 Rb6 58. Ra8 b3 59. a5 b2 60. Rc8+ Kb5 61. axb6 b1=Q 62. Rf8 Qd1+ 63. Kf2 Qc2+ ({Less strong is} 63... Kxb6 64. Rxf6+ Kc5 65. Re6 $19) 64. Kf3 Qc6+ 65. Kg4 Qe6+ 66. Kh5 Kxb6 67. Kg6 Qxe3 68. Rxf6+ Kc7 69. f5 Qg3+ 70. Kf7 (70. Kh5 $142) 70... Kd7 71. Re6 Qg5 72. Rf6 Qg4 73. Kf8 Qb4+ 74. Kg8 Qc4+ 75. Kg7 Qd4 76. Kf7 Qe5 77. Kg6 Qd5 $2 (77... Qg3+ 78. Kh5 Ke7 79. Re6+ Kf7) 78. Re6 $19 Qd4 79. Kg5 Qg7+ 80. Kf4 1/2-1/2

[Event "FRA-ch Youth 2017"]
[Site "Belfort"]
[Date "2017.04.20"]
[Round "6"]
[White "Bergougnoux, Axel"]
[Black "Viel, Simon"]
[Result "0-1"]
[ECO "C00"]
[WhiteElo "2194"]
[BlackElo "2220"]
[Annotator "NA"]
[PlyCount "72"]
[EventDate "2017.??.??"]
[EventCountry "FRA"]
[SourceTitle "playchess.com"]
[Source "ChessBase"]
[SourceQuality "1"]
[TimeControl "5400+30"]

1. e4 e6 2. d4 d5 3. Bd3 c5 4. exd5 exd5 5. Nf3 c4 {[%emt 0:00:05] C01: French: Exchange Variation} 6. Be2 Nf6 (6... Nc6 7. O-O Bd6 8. b3 cxb3 9. axb3 Nge7 10. c4 h6 11. Nc3 O-O 12. h3 Bf5 13. Bd3 Qd7 14. Bxf5 Qxf5 15. Be3 Bb4 16. Na2 a5 {½-½ (16) Priyadharshan,K (2527)-Nyzhnyk,I (2616) Kenner 2016}) 7. O-O Be7 8. Ne5 O-O 9. b3 cxb3 10. axb3 Nc6 11. Be3 $146 (11. Nxc6 bxc6 12. Bf4 Re8 13. Nc3 {½-½ (25) Hollan,P (2292)-Livaic,L (2444) Prague 2016}) 11... Qc7 12. f4 Bf5 13. c4 Nb4 14. Na3 Ne4 15. Nb5 Qd8 16. Bf3 ({Not} 16. Rxa7 $2 Rxa7 17. Nxa7 Nc3 $19) 16... a6 17. Na3 f6 18. Ng4 Re8 19. Bf2 Bd6 20. g3 h5 21. Ne3 Nxf2 22. Kxf2 Nd3+ 23. Kg2 Rxe3 24. Bxd5+ Kh8 25. Qxh5+ Bh7 26. Nc2 $2 (26. Bf7 $1 $11 {and White stays safe.} Bxa3 27. Rxa3) 26... Qe8 27. Bf7 (27. Qxe8+ {is the only way for White.} Rexe8 28. Ne1) 27... Qe4+ 28. Kh3 Qf5+ 29. Qg4 Re2 30. Qxf5 Bxf5+ 31. g4 Nxf4+ 32. Rxf4 Bxc2 33. Raf1 Bxf4 34. Rxf4 g5 $19 35. Rxf6 Kg7 36. Rf3 Be4 0-1

[Event "FRA-ch Youth 2017"]
[Site "Belfort"]
[Date "2017.04.20"]
[Round "6"]
[White "Coiffait, Pierre-Basile"]
[Black "Guehtar, Sofiane"]
[Result "1-0"]
[ECO "B27"]
[WhiteElo "2193"]
[BlackElo "1977"]
[Annotator "NA"]
[PlyCount "231"]
[EventDate "2017.??.??"]
[EventCountry "FRA"]
[SourceTitle "playchess.com"]
[Source "ChessBase"]
[SourceQuality "1"]
[TimeControl "5400+30"]

1. e4 c5 2. Nf3 g6 3. d4 Bg7 4. c4 Qa5+ 5. Nc3 Nc6 6. Be3 {[%emt 0:01:56] A40: Unusual replies to 1 d4} Nf6 $1 7. d5 (7. Nd2 $11) 7... Nxe4 8. dxc6 Nxc3 9. Qd2 b6 10. Bd3 dxc6 {[%emt 0:26:35] LiveBook: 3 Games} 11. O-O Na4 12. b3 Nc3 $2 $146 ({Black should try} 12... Qxd2 $19 13. Bxd2 Bg4 {0-1 (34) Meijers,V (2483)-Hausrath,D (2441) Gelsenkirchen 2001}) 13. Rfe1 O-O 14. Bh6 b5 15. a3 Bf6 16. Ne5 Re8 17. Bf4 Bg7 18. Nxc6 Qb6 19. Nxe7+ Rxe7 20. Rxe7 Be6 21. Re1 Bf6 22. Bg5 Bg7 23. Rc1 b4 24. axb4 cxb4 25. Re1 Qd6 26. Qe3 h6 27. Rxe6 $2 (27. c5 $18 Qc6 28. Bxh6 (28. Rxe6 Qxe6 29. Qxe6 fxe6 $16)) 27... Qxe6 28. Qxe6 fxe6 29. Be7 Kf7 30. Bxb4 Rb8 31. Bc5 Rxb3 32. Bxa7 Ra3 33. Bc5 Ra5 $1 34. Bb6 Ra3 35. Bc5 ({Better is} 35. Bf1 $16) 35... Ra5 36. Be3 Na4 37. g3 Nc5 38. Bf1 g5 39. Rb1 Bf8 40. Rb8 Bd6 41. Rb6 Be7 42. Rc6 Nd7 43. Rc7 Ne5 44. Kg2 Ra4 45. Bc5 Ng6 46. Bd3 Kf6 47. Bxe7+ $2 (47. Bd4+ $18 Kf7 48. Bxg6+ Kxg6 49. Rxe7) 47... Nxe7 48. Bc2 Ra3 49. Be4 Rc3 50. h3 Rc1 51. Kf3 Rc3+ 52. Ke2 Rc1 53. Kd2 Ra1 54. Ke3 Re1+ 55. Kd3 Rd1+ 56. Ke2 Rc1 57. Bb7 Nf5 58. Kf3 Rc3+ 59. Kg2 Nd6 60. Ba6 Rc2 (60... Nf5 $11) 61. Kf3 Rc3+ 62. Ke2 Rc2+ 63. Ke3 Rc3+ 64. Kd2 Ne4+ 65. Ke2 Ke5 66. Bb7 Nd6 67. c5 Nxb7 68. Rxb7 Rxc5 69. Rh7 Ke4 70. Rxh6 Rc2+ 71. Kf1 Rc1+ 72. Kg2 Ke5 73. Kf3 Rc4 74. g4 Rc3+ 75. Kg2 Rc5 76. Kf3 $2 (76. Rg6 $18 Kd6 77. Rg7) 76... Rc3+ 77. Kg2 Rc5 78. f3 Kf4 79. Rf6+ Ke5 80. Rf8 Kd6 (80... Rc1 $1 $14) 81. Rh8 Ke7 82. Kg3 Rc3 83. Rh7+ Kf6 84. Ra7 Rc1 85. Rd7 Rg1+ 86. Kf2 Rh1 87. Kg2 Rb1 88. Rd2 Rb3 89. Rf2 Ke5 90. Re2+ Kf6 91. Re4 Rc3 92. f4 Rc2+ 93. Kg3 Rc3+ 94. Kg2 Rc2+ 95. Kf3 gxf4 96. Kxf4 Rc3 97. g5+ Kf7 98. h4 Rc1 99. Re3 Rc4+ 100. Kg3 Rb4 101. Rf3+ Kg7 102. h5 Rb5 103. Kg4 Rb4+ 104. Rf4 Rb1 105. h6+ Kg8 106. Rf6 Kh8 107. Kh5 Rb8 108. Rxe6 Kh7 109. Re7+ Kg8 110. Kg6 Rb6+ 111. Kf5 Kh8 112. Re6 Rb5+ 113. Kf6 Rb8 114. g6 Ra8 115. Rd6 Rb8 116. Ke7 1-0

[Event "FRA-ch Youth 2017"]
[Site "Belfort"]
[Date "2017.04.20"]
[Round "6"]
[White "Caloone, Thomas"]
[Black "Sarafian, Thomas"]
[Result "1/2-1/2"]
[ECO "C47"]
[WhiteElo "2149"]
[BlackElo "1892"]
[Annotator "NA"]
[PlyCount "179"]
[EventDate "2017.??.??"]
[EventCountry "FRA"]
[SourceTitle "playchess.com"]
[Source "ChessBase"]
[SourceQuality "1"]
[TimeControl "5400+30"]

1. e4 e5 2. Nf3 Nc6 3. Nc3 Nf6 4. d4 Bb4 5. Nxe5 {[%emt 0:01:21] LiveBook: 233 Games} O-O 6. Nxc6 {[%emt 0:13:26] C47: Scotch Four Knights and Four Knights with 4 g3} dxc6 7. Bd3 Qxd4 8. O-O Bxc3 9. bxc3 Qxc3 10. Rb1 Qe5 $146 (10... Bg4 11. f3 Be6 12. Rxb7 Rfb8 13. Rxb8+ Rxb8 {½-½ (44) Godena,M (2514)-Halkias,S (2568) Rhodes 2013}) 11. Qf3 b6 12. Bf4 Qe7 13. c4 Nd7 14. Qg3 f6 15. Bxc7 Ne5 16. Bxe5 $1 fxe5 17. f4 Qc5+ 18. Kh1 exf4 19. Rxf4 Rxf4 20. Qxf4 Be6 21. e5 Rf8 22. Qh4 Bf5 23. Bxf5 Rxf5 24. e6 Qf8 25. h3 Re5 26. Re1 Rxe1+ 27. Qxe1 Qe7 28. Qe5 Kf8 29. Qb8+ Qe8 30. Qd6+ Qe7 31. Qxc6 g6 32. Qd5 Qc7 33. Qf3+ Ke8 34. Qf6 Qe7 35. Qe5 g5 36. Kh2 Qc5 37. Qh8+ Ke7 38. Qxh7+ Kxe6 39. Qe4+ Kf6 40. Kg3 Qd6+ 41. Kg4 Qd7+ 42. Kf3 Qd1+ 43. Qe2 Qd4 44. g3 a5 45. Kg2 Kg6 46. Qc2+ Kh6 47. Kf3 Qf6+ 48. Kg2 Qd4 49. Qe2 Qf6 50. Qd2 Qc6+ 51. Qd5 Qf6 52. Qb5 Qd4 53. Qc6+ Kg7 54. Qd5 Qf6 55. a4 Kh6 56. Qd3 Kg7 57. Qf3 Qd4 58. Qb7+ Kh6 59. Qc6+ Kg7 60. h4 gxh4 61. gxh4 Qg4+ 62. Kf1 Qf4+ 63. Ke2 Qg4+ 64. Kd3 Qd1+ 65. Kc3 Qa1+ 66. Kc2 Qa2+ 67. Kd3 Qf2 68. Qc7+ Kh6 69. Qe7 Qf1+ 70. Qe2 Qf5+ 71. Qe4 Qd7+ $16 ({Don't take} 71... Qxe4+ $2 72. Kxe4 Kh5 73. Kd5 Kxh4 74. Kc6 $18) 72. Qd4 Qxa4 73. Qxb6+ Kg7 74. Kc3 Qa3+ 75. Kc2 Kh7 76. c5 Qa4+ 77. Kc3 Qxh4 78. c6 Qf6+ 79. Kb3 Qe6+ 80. Ka4 Qa2+ 81. Kb5 Qe2+ 82. Kxa5 Qa2+ 83. Kb4 Qb2+ 84. Kc5 Qf2+ 85. Kb5 Qe2+ 86. Ka4 Qa2+ 87. Kb4 Qb2+ 88. Ka5 Qa2+ 89. Kb5 Qe2+ 90. Kc5 1/2-1/2

[Event "FRA-ch Youth 2017"]
[Site "Belfort"]
[Date "2017.04.20"]
[Round "6"]
[White "Bacrot, Alexandre"]
[Black "Poulet, Benoit"]
[Result "1/2-1/2"]
[ECO "B31"]
[WhiteElo "2143"]
[BlackElo "1837"]
[Annotator "NA"]
[PlyCount "69"]
[EventDate "2017.??.??"]
[EventCountry "FRA"]
[SourceTitle "playchess.com"]
[Source "ChessBase"]
[SourceQuality "1"]
[TimeControl "5400+30"]

1. e4 c5 2. Nf3 Nc6 3. Bb5 g6 4. O-O Bg7 5. c3 {[%emt 0:00:52] LiveBook: 2215 Games} Nf6 6. Re1 O-O 7. d3 a6 {[%emt 0:08:22] B31: Sicilian: 2...Nc6 3 Bb5 g6} (7... d6 8. Nbd2 Bd7 9. Nf1 Ne5 10. Bxd7 Nxf3+ 11. Qxf3 Nxd7 12. a4 Ne5 13. Qe2 Nc6 14. Be3 e5 15. f4 exf4 16. Bxf4 {½-½ (24) Burlacu,B (2339)-Flumbort,A (2469) Austria 2014}) 8. Bxc6 dxc6 9. e5 Nd5 10. Na3 $146 (10. Qa4 Bf5 11. Qh4 Bxd3 12. c4 Nb4 13. Bh6 f6 14. Bxg7 Kxg7 15. Nc3 {0-1 (32) Kornthaler,R (2081)-Gerhold,M (2244) Austria 2001}) 10... Qc7 11. h3 Rd8 12. Qe2 h6 13. Bd2 a5 14. Rad1 b6 15. Nb1 Qd7 16. Bc1 Ba6 17. b3 Nc7 18. c4 Ne6 19. Be3 Qc7 20. d4 cxd4 21. Nxd4 Nxd4 22. Bxd4 c5 23. Bc3 e6 24. f3 Rxd1 25. Rxd1 Rd8 26. Rxd8+ Qxd8 27. Nd2 Bb7 28. Kf1 Qd7 29. a4 h5 30. Ke1 Qd8 31. Kd1 Bh6 32. Kc2 Qg5 33. Kb2 Qe3 34. Qxe3 Bxe3 35. Nf1 $11 1/2-1/2

[Event "FRA-ch Youth 2017"]
[Site "Belfort"]
[Date "2017.04.20"]
[Round "6"]
[White "Lever, Erwan"]
[Black "Bouvet, Florian"]
[Result "1/2-1/2"]
[ECO "D85"]
[WhiteElo "2129"]
[BlackElo "2183"]
[Annotator "NA"]
[PlyCount "78"]
[EventDate "2017.??.??"]
[EventCountry "FRA"]
[SourceTitle "playchess.com"]
[Source "ChessBase"]
[SourceQuality "1"]
[TimeControl "5400+30"]

1. d4 Nf6 2. c4 g6 3. Nc3 d5 4. cxd5 Nxd5 5. e4 Nxc3 6. bxc3 Bg7 7. Qa4+ Nd7 8. Nf3 O-O 9. Be2 c6 (9... e5 $11) 10. O-O {[%emt 0:02:53] D85: Exchange Grünfeld: Unusual White 7th moves and lines with 7 Nf3} Qc7 11. Be3 e5 12. Rac1 $146 ({Better is} 12. Qc2 $16 c5 13. Rac1 b6 14. h3 Bb7 15. d5 Nf6 16. Nd2 {0-1 (44) Tunik,G (2475)-Mikhalevski,V (2495) Beersheba 1996}) 12... b6 13. dxe5 (13. h3 $16) 13... Re8 14. c4 Bb7 15. c5 Bf8 16. cxb6 axb6 17. Qb3 Nc5 18. Bxc5 Bxc5 19. Rfd1 Ra3 20. Qc2 Qe7 21. h4 Rea8 22. Bc4 Ba6 23. Bb3 Bc8 24. Ng5 Be6 25. Nxe6 fxe6 26. Qc4 Re8 27. g3 Ra7 {[%emt 0:02:16] [#]} 28. Rc2 (28. Kg2 $1 $18) 28... g5 29. hxg5 Qxg5 30. Qc3 Rg7 31. Kg2 h5 32. Rcd2 h4 33. Rd7 Rg6 $11 ({Of course not} 33... h3+ $6 34. Kh2 $16 (34. Kxh3 Rf8 35. Bxe6+ Kh8 $11)) 34. R1d3 h3+ 35. Kxh3 Bxf2 36. Kg2 Bc5 37. Rf3 Qh5 38. Rf6 Qe2+ 39. Kh3 Qh5+ 1/2-1/2

[Event "FRA-ch Youth 2017"]
[Site "Belfort"]
[Date "2017.04.20"]
[Round "6"]
[White "Heliot, Xabi"]
[Black "Eugene, Floryan"]
[Result "1-0"]
[ECO "E63"]
[WhiteElo "2081"]
[BlackElo "2271"]
[Annotator "NA"]
[PlyCount "105"]
[EventDate "2017.??.??"]
[EventCountry "FRA"]
[SourceTitle "playchess.com"]
[Source "ChessBase"]
[SourceQuality "1"]
[TimeControl "5400+30"]

1. c4 Nf6 2. Nf3 g6 3. g3 Bg7 4. Bg2 O-O 5. Nc3 d6 6. O-O Nc6 7. d4 a6 8. Qc2 Rb8 {[%emt 0:03:26] LiveBook: 13 Games} 9. Rd1 Bd7 10. Nd5 $146 {[%emt 0:22:51] E63: King's Indian: Fianchetto: Panno Variation with 7...a6} (10. e4 e5 11. dxe5 dxe5 12. Nd5 Bg4 13. Bg5 Nd4 14. Rxd4 exd4 15. e5 Bf5 16. Qc1 h6 17. Nxf6+ Kh8 18. Bxh6 Bxf6 19. exf6 Qxf6 20. Bxf8 Rxf8 {1-0 (66) Koneru,H (2557)-Kashlinskaya,A (2429) Doha 2016}) 10... b5 11. Nxf6+ Bxf6 12. Bh6 Re8 13. c5 d5 14. Ne5 e6 15. Bf4 g5 16. Nxc6 Bxc6 17. Be5 Bg7 18. Bxg7 Kxg7 19. b4 Qf6 20. e3 Rbd8 21. Qe2 e5 22. Qb2 e4 23. Qe2 Bd7 24. Qh5 Bf5 25. a4 Rb8 26. axb5 Rxb5 27. Bf1 Rxb4 28. Rxa6 c6 29. g4 Bg6 (29... Bd7 $15 30. Bg2 Reb8) 30. Qh3 h5 31. Rb6 Rb8 32. Rxb8 Rxb8 33. Qg3 Rb2 34. h3 hxg4 35. hxg4 Qe6 36. Ra1 f6 {[%emt 0:00:29] [#]} (36... Rc2 $142) 37. Bh3 $2 (37. Qc7+ $1 $18 Bf7 38. Bh3) 37... Qc8 38. Ra7+ Rb7 39. Rxb7+ Qxb7 40. Bf1 Qb1 41. Qc7+ Bf7 42. Qxc6 f5 43. Qd7 f4 44. Qf5 fxe3 45. Qxg5+ Kf8 46. fxe3 Qc1 47. Qf4 Kg8 48. Kg2 Be6 49. Kg3 Qd1 50. Kh4 Kh7 51. Kg5 Qb3 52. Qc7+ Kh8 53. Kf6 1-0

[Event "FRA-ch Youth 2017"]
[Site "Belfort"]
[Date "2017.04.20"]
[Round "6"]
[White "Kollar, Romain"]
[Black "Gatineau, Yovann"]
[Result "0-1"]
[ECO "B90"]
[WhiteElo "2072"]
[BlackElo "2214"]
[Annotator "NA"]
[PlyCount "96"]
[EventDate "2017.??.??"]
[EventCountry "FRA"]
[SourceTitle "playchess.com"]
[Source "ChessBase"]
[SourceQuality "1"]
[TimeControl "5400+30"]

1. e4 c5 2. Nf3 d6 3. d4 Nf6 4. Nc3 cxd4 $1 5. Nxd4 a6 6. f3 e5 7. Nb3 Be6 8. Be3 Be7 9. Qd2 O-O 10. O-O-O a5 11. a4 Nc6 {[%emt 0:01:35] B90: Sicilian Najdorf: Unusual White 6th moves, 6 Be3 Ng4 and 6 Be3 e5} 12. Nd5 $146 (12. Kb1 Nb4 13. g4 Rc8 14. g5 Nd7 15. f4 exf4 16. Bxf4 Bxb3 17. cxb3 Ne5 18. h4 f6 19. Bh3 {1-0 (33) Saric,I (2652)-Shirov,A (2689) Reykjavik 2015}) 12... Bxd5 $1 13. exd5 Nb4 14. c4 Qd7 15. Kb1 Qxa4 16. Nc1 Rfc8 17. g4 $2 {[%emt 0:04:50] [#]} (17. b3 Qa3 18. Qb2 Qxb2+ 19. Kxb2) 17... Nd7 (17... Nfxd5 $142 $1 18. b3 (18. cxd5 Rxc1+) 18... Qa3) 18. Be2 $2 (18. b3 Qa3 19. Qb2 Qxb2+ 20. Kxb2) 18... Nc5 19. Bxc5 Rxc5 20. Rde1 Rac8 21. b3 Qe8 22. Nd3 Nxd3 23. Bxd3 Bh4 24. Re4 Qd8 25. f4 exf4 26. Qxf4 Qb6 27. Bc2 Bf6 $2 (27... a4 $1 $19 28. Qe3 Qd8 29. bxa4 Rxc4 30. Rxc4 Rxc4) 28. Qf5 Be5 29. Rf1 Qc7 30. Rxe5 dxe5 31. Qxh7+ Kf8 32. Qh8+ Ke7 33. Qxg7 Rf8 34. Re1 $2 (34. Qf6+ $18 {and the rest is easy.} Ke8 35. Re1) 34... Qd6 35. Qxe5+ Qxe5 36. Rxe5+ Kd6 37. Rh5 a4 38. Kb2 b5 39. Rh6+ ({Much worse is} 39. bxa4 Rxc4 40. axb5 Rxg4 $17) 39... Ke5 40. Rc6 ({Don't play} 40. bxa4 Rxc4 41. axb5 Rxg4 42. Kb3 Kxd5 $17) 40... Rc8 41. cxb5 a3+ 42. Kxa3 R8xc6 43. dxc6 Rxc2 44. Kb4 Kd6 45. h4 Rg2 46. Ka5 Kc7 47. h5 Rxg4 48. Ka6 Rg2 0-1